 Dungeon Crawl Stone Soup version 0.23.0 (webtiles) character file.

Game seed: 6374743769289303862

295 MalarOregon the Poker (level 6, -3/48 HPs)
             Began as a Merfolk Skald on Feb 14, 2019.
             Slain by a hound (6 damage)
             ... on level 3 of the Dungeon.
             The game lasted 00:05:45 (3395 turns).

MalarOregon the Poker (Merfolk Skald)               Turns: 3395, Time: 00:05:46

Health: -3/48      AC:  3    Str: 11    XL:     6   Next: 34%
Magic:  3/9        EV: 12    Int: 14    God:
Gold:   84         SH:  0    Dex: 14    Spells: 2/9 levels left

rFire    . . .     SeeInvis .   a - +0 spear
rCold    . . .     Gourm    +   (no shield)
rNeg     . . .     Faith    .   b - +0 leather armour
rPois    .         Spirit   .   (no helmet)
rElec    .         Reflect  .   (no cloak)
rCorr    .         Harm     .   (no gloves)
MR       .....                  (no boots)
Stlth    +.........             d - amulet of the gourmand
HPRegen  1.16/turn              (no ring)
MPRegen  0.11/turn              (no ring)

@: very slightly contaminated, regenerating (expiring)
A: change form in water, swift swim, stealthy swim
a: no special abilities


You were on level 3 of the Dungeon.
You were very full.

You visited 1 branch of the dungeon, and saw 4 of its levels.

You collected 84 gold pieces.

Inventory:

Hand Weapons
 a - a +0 spear (weapon)
Armour
 b - a +0 leather armour (worn)
Jewellery
 d - an amulet of the gourmand (around neck)
   (You took it off a hobgoblin on level 2 of the Dungeon)
 j - a +3 ring of dexterity {unknown}
   (You found it on level 2 of the Dungeon)
Wands
 c - a wand of disintegration (13)
   (You found it on level 3 of the Dungeon)
Scrolls
 f - 2 scrolls of blinking {unknown}
 g - 5 scrolls of remove curse {unknown}
 i - a scroll of enchant weapon {unknown}
 k - a scroll of magic mapping {unknown}
 l - 4 scrolls of amnesia {unknown}
 m - 3 scrolls of teleportation {unknown}
 n - a scroll of fear {unknown}
 o - a scroll of identify {unknown}
Potions
 h - a potion of mutation {unknown}
Comestibles
 e - 9 rations {!d}


   Skills:
 - Level 4.2 Fighting
 + Level 6.9 Polearms
 - Level 0.6 Armour
 - Level 2.6 Dodging
 - Level 2.0 Spellcasting
 + Level 4.5 Charms


You had 2 spell levels left.
You knew the following spells:

 Your Spells              Type           Power        Failure   Level  Hunger
a - Infusion              Chrm           ##..         4%          1    ##.....
e - Regeneration          Chrm/Necr      #.........   36%         3    ####...
t - Spectral Weapon       Hex/Chrm       #.......     36%         3    ####...

Your spell library contained the following spells:

 Spells                   Type           Power        Failure   Level  Hunger
 Song of Slaying          Chrm           ##......     8%          2    ###....
 Shroud of Golubria       Chrm/Tloc      #.........   19%         2    ###....


Dungeon Overview and Level Annotations

Branches:
Dungeon (4/15)
 Temple: D:4-7

Altars:
Cheibriados


Message History

A hound is nearby!
A quokka comes into view.
Found a dagger.
You closely miss the hound. The hound bites you but does no damage.
You hit the hound. The hound closely misses you.
You hit the hound. The hound bites you.
You hit the hound but do no damage. The hound bites you.
You hit the hound. The hound barely misses you.
You closely miss the hound. The hound bites you.
You closely miss the hound. The hound closely misses you.
The quokka closely misses you.
You hit the hound but do no damage. The hound completely misses you.
The quokka bites you. The hound bites you.
You completely miss the hound. The quokka barely misses you.
The hound bites you but does no damage.
You hit the hound but do no damage. The hound bites you.
The quokka bites you but does no damage.
You hit the hound. The hound bites you.
You hit the hound but do no damage. The quokka bites you.
* * * LOW HITPOINT WARNING * * *
The hound bites you.
* * * LOW HITPOINT WARNING * * *
The quokka misses you. The hound bites you.
* * * LOW HITPOINT WARNING * * *
There is a stone staircase leading up here.
The hound closely misses you. The quokka bites you.
* * * LOW HITPOINT WARNING * * *
The hound bites you but does no damage.
You climb upwards.
There is a stone staircase leading down, spattered with blood here.
Things that are here:
a +0 robe; a +0 scythe Unknown command.
Unknown command.
The hound bites you.
* * * LOW HITPOINT WARNING * * *
The quokka bites you.
* * * LOW HITPOINT WARNING * * *
The hound bites you.
* * * LOW HITPOINT WARNING * * *
Unknown command.
Your skin crawls.
The hound barely misses you.
You miscast Spectral Weapon.
You are very lightly contaminated with residual magic.
Your hands glow momentarily.
Your skin is crawling a little less now.
The hound bites you.
* * * LOW HITPOINT WARNING * * *
The hound bites you.
You die...

#####.####.# #.#
#..........#
####.######
#.###.###..#
#......)... #.# #.#
#..### #.##..##### #.#
#.# #....# #.##..#####
#.#
#.###.##.###.##.......
#.#
#....r...........#####
#.# #####h##.###.#####
# #.# #@##.# #.# #
#.#######.##.# #.# #
#.........##.###.# #
############.....# #
####### #


You could see a hound and a quokka.

Vanquished Creatures
  Sigmund (D:3)
  6 adders
  An ooze (D:1)
  4 worms (D:2)
  4 dart slugs
  2 giant cockroaches
  5 goblins
  11 hobgoblins
  3 jackals (D:2)
  6 kobolds
  2 quokkas
  5 bats
  5 frilled lizards
  A quokka skeleton (D:2)
  7 rats
63 creatures vanquished.

Notes
Turn   | Place    | Note
-------+----------+-------------------------------------------
     0 | D:1      | MalarOregon the Merfolk Skald began the quest for the Orb.
     0 | D:1      | Reached XP level 1. HP: 16/16 MP: 3/3
   178 | D:1      | Reached XP level 2. HP: 21/23 MP: 5/5
   528 | D:1      | Reached skill level 4 in Polearms
   561 | D:1      | Reached XP level 3. HP: 29/29 MP: 6/6
  1477 | D:2      | Reached XP level 4. HP: 15/36 MP: 7/7
  1693 | D:1      | Learned a level 3 spell: Spectral Weapon
  1755 | D:2      | Reached skill level 5 in Polearms
  2287 | D:3      | Reached XP level 5. HP: 18/42 MP: 5/8
  2537 | D:3      | Learned a level 3 spell: Regeneration
  2575 | D:3      | Found a snail-covered altar of Cheibriados.
  2742 | D:3      | Noticed Sigmund
  2839 | D:3      | Killed Sigmund
  2839 | D:3      | Reached skill level 6 in Polearms
  2839 | D:3      | Reached XP level 6. HP: 15/48 MP: 6/9
  3395 | D:3      | Slain by a hound

Skill      XL: |  1  2  3  4  5 |
---------------+----------------+-----
Fighting       | 3 4 |  4.2
Polearms       | 4 5 6 |  6.9
Charms         | 4 |  4.5
Armour         | |  0.6
Dodging        | |  2.6
Spellcasting   | |  2.0

Action                   |  1- 3 |  4- 6 || total
-------------------------+-------+-------++-------
Melee: Spear             |   153 |   137 ||   290
 Cast: Spectral Weapon   |       |     8 ||     8
       Regeneration      |       |     1 ||     1
  Eat: Chunk             |     6 |    14 ||    20
Armor: Leather armour    |    15 |    15 ||    30
Dodge: Dodged            |    74 |    48 ||   122
